 Dungeon Crawl Stone Soup version 0.20.0-15-g7f486f2 (webtiles) character file.

42 JeffiDaFish the Shield-Bearer (level 3, -2/23 HPs)
             Began as a Gargoyle Fighter on June 12, 2017.
             Slain by Sigmund
             ... wielding a +0 scythe
              (6 damage)
             ... on level 2 of the Dungeon.
             The game lasted 00:01:46 (1036 turns).

JeffiDaFish the Shield-Bearer (Gargoyle Fighter)    Turns: 1036, Time: 00:01:46

Health: -2/23      AC: 10    Str: 27    XL:     3   Next: 56%
Magic:  3/3        EV:  7    Int:  8    God:
Gold:   60         SH: 10    Dex: 10    Spells: 2/2 levels left

rFire    . . .     SeeInvis .   a - +0 flail
rCold    . . .     Gourm    .   c - +0 shield
rNeg     + . .     Faith    .   b - +0 scale mail
rPois    ∞         Spirit   .   (no helmet)
rElec    +         Reflect  .   (no cloak)
rCorr    .         Harm     .   (no gloves)
MR       .....                  (no boots)
Stlth    ..........             (no amulet)
Regen    0.1/turn               k - +3 ring of strength
MPRegen  0.1/turn               (no ring)

@: mighty
A: negative energy resistance 1, electricity resistance, unbreathing,
petrification resistance, rot immunity, AC +3
a: no special abilities


You were on level 2 of the Dungeon.
You were not hungry.

You visited 1 branch of the dungeon, and saw 2 of its levels.

You collected 60 gold pieces.

Inventory:

Hand Weapons
 a - a +0 flail (weapon)
Armour
 b - a +0 scale mail (worn)
 c - a +0 shield (worn)
Jewellery
 k - a +3 ring of strength (left hand)
Scrolls
 e - a scroll of remove curse
 j - a scroll of teleportation
 m - a scroll of identify
 n - a scroll of amnesia
Potions
 l - a potion of invisibility
Comestibles
 f - a bread ration
 g - 7 chunks of flesh
 h - 2 fruits
 i - a meat ration
 o - a royal jelly


   Skills:
 + Level 3.5 Fighting
 + Level 2.6 Maces & Flails
 + Level 3.6 Armour
 + Level 0.2 Stealth
 + Level 3.9 Shields


You had 2 spell levels left.
You didn't know any spells.

Dungeon Overview and Level Annotations

Branches:
Dungeon (2/15)

Altars:
Trog

Annotations:
D:2 Sigmund


Innate Abilities, Weirdness & Mutations

You are resistant to torment.
Your stone body is resilient. (AC +3)
You are immune to poison.
You resist negative energy. (rN+)
You are resistant to electric shocks. (rElec)
You can survive without breathing.
You are immune to petrification.
You are immune to rotting.


Message History

The puff of flame hits you!
Your shield prevents you from hitting something.
Something hits you.
* * * LOW HITPOINT WARNING * * *
You barely miss something. Something hits you but does no damage.
Some of the chunks of flesh in your inventory have rotted away.
You thump something! Something hits you but does no damage.
You closely miss something. Something hits you but does no damage.
You completely miss something. Something hits you but does no damage.
You barely miss something.
You hear some strange, mumbled words.
A puff of flame appears from out of thin air!
The puff of flame hits you!
You hit something but do no damage. Something hits you.
* * * LOW HITPOINT WARNING * * *
You closely miss something. You block something's attack.
You closely miss something. Something hits you but does no damage.
You closely miss something. Something hits you but does no damage.
You closely miss something. Something hits you.
You die...

**+** **,* #.#### *,** *,* #.*
**,* *,* #.* *,** *,* #.* **,*
*,* *,***** **,** *,* *,,,,,,
**,,,* *,* ##########****#
*,,,,* #.#######........# ####
**,,** #.....@.......##.###...
*,,,,* ######.....>..##.##..#.
*,,,** #.##.##..##.##.###
**,,* #.##.##.........#.
**,*********#.##.###..........
*,,,,,,,,,,..##.# ####.######
***********####.######.#
#........# ##########


There were no monsters in sight!

Vanquished Creatures
  2 adders (D:2)
  A leopard gecko (D:1)
  2 giant cockroaches
  3 goblins (D:2)
  4 hobgoblins
  4 kobolds
  3 bats
  3 frilled lizards (D:2)
  2 rats (D:2)
24 creatures vanquished.

Notes
Turn   | Place    | Note
-------+----------+-------------------------------------------
     0 | D:1      | JeffiDaFish the Gargoyle Fighter began the quest for the Orb.
     0 | D:1      | Reached XP level 1. HP: 14/14 MP: 1/1
   529 | D:1      | Reached XP level 2. HP: 19/19 MP: 2/2
   710 | D:2      | Found a bloodstained altar of Trog.
   813 | D:2      | Reached XP level 3. HP: 22/23 MP: 3/3
  1014 | D:2      | Noticed Sigmund
  1036 | D:2      | Slain by Sigmund

Action                   || total
-------------------------++-------
Melee: Flail             ||   112
  Use: Scroll            ||     7
       Potion            ||     3
  Eat: Chunk             ||     1
Armor: Scale mail        ||    64
Dodge: Dodged            ||    35
Block: Shield            ||    70
